 Dungeon Crawl Stone Soup version 0.29.1-12-g30fa7ad0bf (webtiles) character file.

Game seed: 3897083447002439858

392 Unglued128 the Conjurer (level 6, 0/43 (47) HPs)
             Began as a Draconian Conjurer on Dec 26, 2022.
             Slain by a wight
             ... wielding a +0 hand axe
              (6 damage)
             ... on level 4 of the Dungeon.
             The game lasted 00:39:29 (5201 turns).

Unglued128 the Conjurer (Draconian Conjurer)        Turns: 5201, Time: 00:39:29

HP:   0/43 (47)     AC:  6    Str:  9    XL:     6   Next: 50%
MP:   11/12         EV: 12    Int: 20    God:
Gold: 150           SH:  0    Dex: 10    Spells: 12/13 levels left

rFire   + . .      SeeInvis .   l - +0 whip (holy)
rCold   + . .      Faith    .   (no shield)
rNeg    . . .      Spirit   .   (body armour unavailable)
rPois   .          Reflect  .   (helmet restricted)
rElec   .          Harm     .   m - scarf {rC+ rF+}
rCorr   +          Rampage  .   (no gloves)
Will    .....                   (no boots)
Stlth   ++........              (no amulet)
HPRegen 0.14/turn               n - ring of resist corrosion
MPRegen 0.13/turn               (no ring)

@: drained
A: AC +6, unfitting armour, cold-blooded
a: no special abilities


You were on level 4 of the Dungeon.
You visited 1 branch of the dungeon, and saw 4 of its levels.

You collected 150 gold pieces.

Inventory:

Hand Weapons
 l - a +0 whip of holy wrath (weapon)
Missiles
 f - 10 poisoned darts (quivered)
Armour
 m - a scarf of resistance (worn)
Jewellery
 c - a ring of protection from cold
 n - a ring of resist corrosion (left hand)
 t - a ring of wizardry
Scrolls
 b - 4 scrolls of identify
 d - a scroll of enchant weapon {unknown}
 g - a scroll of amnesia {unknown}
 h - a scroll of magic mapping {unknown}
 i - a scroll of fear {unknown}
 k - 2 scrolls of noise {unknown}
 o - 3 scrolls of blinking {unknown}
 r - a scroll of teleportation {unknown}
Potions
 a - a potion of magic
 e - a potion of flight {unknown}
 j - 2 potions of heal wounds {unknown}
 p - 4 potions of curing {unknown}
 q - a potion of resistance {unknown}
 s - a potion of haste {unknown}
 u - a potion of might {unknown}


   Skills:
 + Level 1.2 Fighting
 + Level 0.4 Maces & Flails
 + Level 2.7 Dodging
 - Level 2.0 Stealth
 + Level 0.2 Unarmed Combat
 + Level 4.2 Spellcasting
 + Level 5.8 Conjurations


You had 12 spell levels left.
You knew the following spells:

 Your Spells              Type           Power      Damage    Failure   Level
a - Magic Dart            Conj           100%       1d8       1%          1

Your spell library contained the following spells:

 Spells                   Type           Power      Damage    Failure   Level
 Searing Ray              Conj           54%        2d6       1%          2
 Dazzling Flash           Conj/Hex       30%        N/A       12%         3
 Slow                     Hex            16%        N/A       13%         1
 Confusing Touch          Hex            4%         N/A       36%         3
 Inner Flame              Hex/Fire       4%         N/A       36%         3
 Vampiric Draining        Necr           4%         2d6       36%         3
 Fulminant Prism          Conj/Hex       7%         3d7       36%         4
 Iskenderun's Mystic Bla  Conj/Tloc      15%        2d5       36%         4
 Cause Fear               Hex            2%         N/A       77%         4
 Discord                  Hex            2%         N/A       100%        8


Dungeon Overview and Level Annotations

Branches:
Dungeon (4/15)
 Temple: D:4-7

Altars:
Xom

Annotations:
D:2 Sigmund


Innate Abilities, Weirdness & Mutations

Your plain brown scales are hard. (AC +6)
You cannot fit into any form of body armour.
You are cold-blooded and may be slowed by cold attacks.


Message History

You destroy the wight!
The wight closely misses you.
Your life force feels restored.
You hit the wight.
The wight convulses.
The wight is lightly damaged.
The wight closely misses you.
You hit the wight but do no damage.
The wight is lightly damaged.
The wight closely misses you.
You closely miss the wight.
Your tail-slap misses the wight.
The wight is lightly damaged.
The wight closely misses you.
You barely miss the wight.
The wight is lightly damaged.
The wight barely misses you.
You closely miss the wight.
The wight is lightly damaged.
The wight hits you but does no damage.
You barely miss the wight.
You tail-slap the wight, but do no damage.
The wight is lightly damaged.
The wight hits you with a +0 hand axe!
* * * LOW HITPOINT WARNING * * *
You feel drained.
* * * LOW HITPOINT WARNING * * *
You hit the wight but do no damage.
The wight is lightly damaged.
The wight barely misses you.
You hit the wight.
The wight convulses.
The wight is severely damaged.
The wight closely misses you.
You hit the wight.
The wight convulses.
The wight is severely damaged.
The wight barely misses you. The wight hits you with a +0 hand axe.
* * * LOW HITPOINT WARNING * * *
You feel drained.
You hit the wight but do no damage.
The wight is severely damaged.
The wight hits you with a +0 hand axe.
You die...

.##....##...#..
...............
#............#
#..........## #...........#
#...........#
##.....z)....##
#..#...@...#..#
#..#......##..## #.
##........## #).## ##..
#........## ##...# ##...
##........####....###....
##.........#..............
............))...........##
.............######.......#
..............# ##.......##


You could see a wight.

Vanquished Creatures
  A necrophage (D:4)
  2 wights (D:4)
  A howler monkey (D:4)
  A hound (D:4)
  Jessica (D:2)
  4 adders
  2 worms
  2 dart slugs
  7 orcs
  7 ball pythons
  9 bats
  An endoplasm (D:2)
  8 giant cockroaches
  12 goblins
  6 hobgoblins
  2 jackals (D:2)
  A quokka (D:2)
  6 frilled lizards
  3 kobolds
  8 rats
84 creatures vanquished.

Notes
Turn   | Place    | Note
-------+----------+-------------------------------------------
     0 | D:1      | Unglued128 the Draconian Conjurer began the quest for the
                  | Orb.
     0 | D:1      | Reached XP level 1. HP: 14/14 MP: 3/3
     8 | D:1      | Found a faded altar of an unknown god.
   310 | D:1      | Reached XP level 2. HP: 18/20 MP: 0/5
  1133 | D:1      | Reached XP level 3. HP: 25/26 MP: 3/6
  1627 | D:2      | Noticed Jessica
  2279 | D:2      | Noticed Sigmund
  2574 | D:2      | Killed Jessica
  2575 | D:2      | Reached skill level 5 in Conjurations
  2575 | D:2      | Reached XP level 4. HP: 15/33 MP: 1/8
  3946 | D:3      | Reached XP level 5. HP: 39/39 MP: 7/9
  4194 | D:4      | Found a shimmering altar of Xom.
  4257 | D:4      | Reached skill level 1 in Fighting
  4484 | D:4      | Noticed an ogre
  4660 | D:4      | Reached XP level 6. HP: 37/47 MP: 9/11
  5201 | D:4      | Slain by a wight

Illustrated notes

Levels and vault maps discovered:
D:1:      dpeg_arrival_arbitrary_b, layout_basic,
          chequers_ecumenical_altar_island
D:2:      layout_loops_cross, uniq_jessica, uniq_sigmund
D:3:      layout_loops_ring, minmay_cupped
D:4:      layout_layer_cave, nicolae_overflow_crystal_walls,
          minmay_temple_entry_proselytizer, serial_shops, nicolae_square_shop

Skill      XL: |  1  2  3  4  5  6 |
---------------+-------------------+-----
Stealth        | 2 |  2.0
Dodging        | 2 |  2.7
Conjurations   | 5 |  5.8
Spellcasting   | 3 4 |  4.2
Fighting       | 1 |  1.2
Maces & Flails | |  0.4
Unarmed Combat | |  0.2

Action                   |  1- 3 |  4- 6 || total
-------------------------+-------+-------++-------
Melee: Unarmed           |    31 |       ||    31
       Tailslap          |     5 |     5 ||    10
       Whip              |       |    42 ||    42
       Punch             |       |     1 ||     1
Throw: Dart              |    16 |    13 ||    29
 Cast: Magic Dart        |    77 |   101 ||   178
  Use: Scroll            |       |     1 ||     1
Armor: Skin              |    22 |    14 ||    36
Dodge: Dodged            |    40 |    34 ||    74
